 Dungeon Crawl Stone Soup version 0.27.1-1-g398f81649c (webtiles) character file.

Game seed: 8938975632092082145

989 zdrol the Basher (level 7, -2/60 HPs)
             Began as a Minotaur Fighter on Sept 7, 2021.
             Was a Priest of Cheibriados.
             Slain by a yak (9 damage)
             ... on level 6 of the Dungeon.
             The game lasted 00:18:25 (3338 turns).

zdrol the Basher (Minotaur Fighter)                 Turns: 3338, Time: 00:18:26

Health: -2/60      AC: 10    Str: 37    XL:     7   Next: 98%
Magic:  15/15      EV:  6    Int: 11    God:    Cheibriados [***...]
Gold:   143        SH: 20    Dex: 18    Spells: 6/6 levels left

rFire    + . .     SeeInvis .   k - +1 flail (drain)
rCold    . . .     Faith    .   g - +2 tower shield {rF+}
rNeg     + + +     Spirit   .   l - +0 chain mail
rPois    +         Reflect  .   (helmet restricted)
rElec    .         Harm     .   (no cloak)
rCorr    .         Rampage  .   (no gloves)
Will     ++...                  j - +0 pair of boots
Stlth    ..........             (no amulet)
HPRegen  0.20/turn              h - ring "Sidwetaxt" {rN+++ Will+ MP+9 Str+7 Int-5}
MPRegen  0.14/turn              i - ring of Rattor {rPois Will+ Int+3}

@: attractive, very slow
A: horns 2, retaliatory headbutt
a: Renounce Religion, Bend Time, Temporal Distortion


You were on level 6 of the Dungeon.
You worshipped Cheibriados.
Cheibriados was most pleased with you.
You visited 1 branch of the dungeon, and saw 7 of its levels.

You collected 143 gold pieces.

Inventory:

Hand Weapons
 k - a +1 flail of draining (weapon)
Missiles
 b - 3 boomerangs
 f - 33 poisoned darts (quivered)
Armour
 g - a +2 tower shield of fire resistance (worn)
 j - a +0 pair of boots (worn)
 l - a +0 chain mail (worn)
Jewellery
 h - the ring "Sidwetaxt" (left hand) {rN+++ Will+ MP+9 Str+7 Int-5}
   (You acquired it on level 1 of the Dungeon)

   [ring of magical power]

   Str:       It affects your strength (+7).
   Int:       It affects your intelligence (-5).
   rN:        It renders you almost immune to negative energy.
   MP:        It affects your magic capacity (+9).
   Will:      It increases your willpower.
 i - the ring of Rattor (right hand) {rPois Will+ Int+3}
   (You acquired it on level 1 of the Dungeon)

   [ring of poison resistance]

   Int:       It affects your intelligence (+3).
   rPois:     It protects you from poison.
   Will:      It increases your willpower.
Wands
 c - a wand of polymorph (4)
 t - a wand of flame (14)
Scrolls
 e - a scroll of blinking
 n - a scroll of identify
 q - a scroll of fog {unknown}
 r - 2 scrolls of summoning {unknown}
 s - a scroll of fear
Potions
 d - 2 potions of might
 m - a potion of brilliance {unknown}
 o - a potion of degeneration {unknown}
 p - a potion of heal wounds {unknown}
 u - a potion of curing {unknown}


   Skills:
 - Level 4.5 Fighting
 * Level 9.7 Maces & Flails
 - Level 4.1 Armour
 - Level 1.1 Dodging
 - Level 0.1 Stealth
 - Level 5.5 Shields


You had 6 spell levels left.
You didn't know any spells.
Your spell library contained the following spells:

 Spells                   Type           Power      Damage    Failure   Level
 Ensorcelled Hibernation  Hex/Ice        0%         N/A       100%        2
 Spider Form              Tmut/Pois      0%         N/A       100%        3
 Shadow Creatures         Summ           N/A        N/A       100%        6


Dungeon Overview and Level Annotations

Branches:
Dungeon (7/15)
 Temple: D:4-7

Altars:
Cheibriados
Gozag
Uskayaw


Innate Abilities, Weirdness & Mutations

You have a pair of horns on your head.
You reflexively headbutt those who attack you in melee.


Message History

Found a stone staircase leading up.
Found a ring mail.
There is a stone staircase leading up here.
You climb upwards.
The gnoll shouts!
The yak bellows! x4; You hear a shout! x2
Found a clouded marble ring and a spear.
There is a stone staircase leading down here.
A gnoll comes into view. It is wielding a +0 spear.
The gnoll shouts!
You open the door.
The gnoll throws a throwing net.
You block the throwing net.
The gnoll throws a throwing net.
The throwing net hits you.
You become entangled in the net!
The yak gores you!
There is an open door, spattered with blood here.
You see here a throwing net.
You struggle against the net.
A gnoll comes into view. It is wielding a +0 whip.
The yak gores you but does no damage. The yak gores you.
The yak gores you but does no damage.
You tear a large gash into the net.
The bullfrog hits you but does no damage.
The bullfrog barely misses you. The yak gores you! The yak gores you. x2
You struggle against the net.
The bullfrog hits you. The yak gores you.
The gnoll hits you but does no damage.
You shred the net and break free! You block the bullfrog's attack.
The bullfrog hits you. You block the yak's attack.
You block the gnoll's attack. The yak gores you!
* * * LOW HITPOINT WARNING * * *
You block the yak's attack.
You hit the bullfrog. You drain the bullfrog.
Your headbutt misses the bullfrog.
The bullfrog is moderately wounded.
You block the bullfrog's attack. The yak gores you!
* * * LOW HITPOINT WARNING * * *
The yak barely misses you. The gnoll hits you but does no damage.
The bullfrog hits you but does no damage.
You block the yak's attack. You block the gnoll's attack.
It was a potion of attraction.
You feel attractive to monsters. You block the bullfrog's attack.
The yak gores you!
You die...

#....######
#.........
###........#####
......)........
#.............
#.............
#...g........
#...ggY..#
#...>#@###
#...YYYF=.....
#.....Y#######
#......#
#......#
#......#
#.......
#....#..F


You could see 5 yaks, a bullfrog (drained) and 3 gnolls.

Vanquished Creatures
  Pikel (D:3)
  Prince Ribbit (D:4)
  2 lemures (D:3)
  2 orc priests (D:4)
  2 hounds (D:4)
  An orc wizard (D:3)
  Natasha (twice) (D:3)
  Terence (D:2)
  3 adders
  A white imp (D:4)
  A worm (D:4)
  3 dart slugs
  5 orcs
  5 ball pythons
  10 bats
  7 endoplasms
  4 giant cockroaches
  3 goblins
  5 hobgoblins
  6 jackals
  5 quokkas
  2 frilled lizards
  4 kobolds
  4 rats
80 creatures vanquished.

Notes
Turn   | Place    | Note
-------+----------+-------------------------------------------
     0 | D:1      | zdrol the Minotaur Fighter began the quest for the Orb.
     0 | D:1      | Reached XP level 1. HP: 19/19 MP: 0/0
   208 | D:1      | Reached XP level 2. HP: 27/27 MP: 1/1
   890 | D:1      | Identified 3 scrolls of acquirement
   890 | D:1      | Acquired a +1 tower shield of fire resistance
   891 | D:1      | Acquired the ring of Rattor {rPois Will+ Int+3}
   892 | D:1      | Acquired the ring "Sidwetaxt" {rN+++ Will+ MP+9 Str+7
                  | Int-5}
   905 | D:1      | Lost intelligence.
  1154 | D:2      | Found a faded altar of an unknown god.
  1157 | D:2      | Became a worshipper of Cheibriados the Contemplative
  1157 | D:2      | Reached * piety under Cheibriados
  1192 | D:2      | Reached XP level 3. HP: 32/34 MP: 2/2
  1244 | D:2      | Reached skill level 3 in Maces & Flails
  1338 | D:2      | Reached ** piety under Cheibriados
  1407 | D:2      | Noticed Terence
  1412 | D:2      | Killed Terence
  1413 | D:2      | Reached XP level 4. HP: 41/41 MP: 3/3
  1587 | D:2      | Reached skill level 1 in Dodging
  1987 | D:3      | Reached skill level 5 in Shields
  2056 | D:3      | Found a hide-covered altar of Uskayaw.
  2063 | D:3      | Found an opulent altar of Gozag.
  2214 | D:3      | Reached XP level 5. HP: 47/47 MP: 4/4
  2260 | D:3      | Reached *** piety under Cheibriados
  2429 | D:3      | Noticed Natasha
  2432 | D:3      | Killed Natasha
  2554 | D:3      | Noticed Natasha
  2561 | D:3      | Killed Natasha
  2562 | D:3      | Reached skill level 4 in Maces & Flails
  2673 | D:4      | Noticed a lemure
  2673 | D:4      | Noticed a lemure
  2674 | D:4      | Noticed Pikel
  2674 | D:4      | Noticed a lemure
  2674 | D:4      | Noticed a lemure
  2685 | D:3      | Killed a lemure
  2706 | D:3      | Killed a lemure
  2713 | D:3      | Killed Pikel
  2714 | D:3      | Reached skill level 8 in Maces & Flails
  2714 | D:3      | Reached XP level 6. HP: 34/53 MP: 5/5
  2714 | D:3      | Reached XP level 7. HP: 39/60 MP: 6/6
  2745 | D:5      | Entered Level 5 of the Dungeon
  2752 | D:5      | Noticed Prince Ribbit
  3151 | D:4      | Killed Prince Ribbit
  3152 | D:4      | Reached skill level 9 in Maces & Flails
  3320 | D:4      | You fall into a shaft and drop 3 floors!
  3329 | D:6      | Noticed a yak
  3329 | D:6      | Noticed a yak
  3329 | D:6      | Noticed a yak
  3329 | D:6      | Noticed a yak
  3329 | D:6      | Noticed a yak
  3329 | D:6      | Noticed a yak
  3338 | D:6      | Slain by a yak

Illustrated notes

Levels and vault maps discovered:
D:1:      onia_arrival_mini_maze, layout_loops_cross,
          chequers_serial_rivers_small_a
D:2:      layout_loops_ring, hellmonk_ecumenical_altar_heavens_door,
          uniq_terence
D:3:      layout_basic, nicolae_gozag_cash_rules_everything_around_me,
          lemuel_doored_altar, chequers_mini_garden, chequers_avenue,
          corexii_hall_statues_s, minmay_misc_feat_pillars, uniq_natasha
D:4:      layout_loops_corners, overflow_temple_1_default,
          minmay_misc_feat_diagonals, grunt_decor_fettered, minmay_bisected,
          uniq_pikel
D:5:      layout_cave_pools, minmay_checkerbox, uniq_prince_ribbit1
D:6:      layout_basic, old_standard_altar, temple_pool_b
D:7:      layout_cave_pools, nzn_overflow_gifts_of_might_and_magic,
          old_standard_altar

Skill      XL: |  1  2  3  4  5  6  7 |
---------------+----------------------+-----
Fighting       | 4 |  4.5
Shields        | 4 5 |  5.5
Maces & Flails | 3 8 9 |  9.7
Armour         | 4 |  4.1
Dodging        | 1 |  1.1
Stealth        | |  0.1

Action                   |  1- 3 |  4- 6 |  7- 9 || total
-------------------------+-------+-------+-------++-------
Melee: Flail             |    76 |    66 |    32 ||   174
       Headbutt          |    13 |    14 |    10 ||    37
Throw: Dart              |     2 |       |     1 ||     3
  Use: Scroll            |     5 |     1 |       ||     6
       Potion            |       |       |     1 ||     1
Armor: Scale mail        |    33 |       |       ||    33
       Chain mail        |       |    32 |    15 ||    47
Dodge: Dodged            |    26 |     5 |     6 ||    37
Block: Kite shield       |    25 |       |       ||    25
       Tower shield      |    39 |    96 |    49 ||   184
